 Dungeon Crawl Stone Soup version 0.31-a0-240-gb923e448b6 (webtiles) character file.

Game seed: 1582313043740597123

48 qw the Shooter (level 3, -2/29 HPs)
             Began as a Minotaur Hexslinger on July 11, 2023.
             Succumbed to an orc's poison
             ... on level 3 of the Dungeon.
             The game lasted 00:00:26 (1125 turns).

qw the Shooter (Minotaur Hexslinger)                Turns: 1125, Time: 00:00:27

Health: -2/29      AC:  5    Str: 12    XL:     3   Next: 50%
Magic:  3/3        EV: 11    Int: 10    God:
Gold:   86         SH:  0    Dex: 14    Spells: 3/4 levels left

rFire   . . .        Y - +1 sling
rCold   . . .        (no shield)
rNeg    . . .        f - +0 ring mail
rPois   .            (helmet restricted)
rElec   .            (no cloak)
rCorr   .            (no gloves)
SInv    .            (no boots)
Will    .....        (no amulet)
Stlth   +            (no ring)
HPRegen 0.24/turn    (no ring)
MPRegen 0.08/turn

%: no passive effects
@: lethally poisoned (-2 -> -23)
A: horns 2, retaliatory headbutt
a: no special abilities


You were on level 3 of the Dungeon.
You visited 1 branch of the dungeon, and saw 4 of its levels.

You collected 86 gold pieces.


Innate Abilities, Weirdness & Mutations

You have a pair of horns on your head.
You reflexively headbutt those who attack you in melee.


   Skills:
 - Level 2.0 Fighting
 - Level 4.0 Ranged Weapons
 + Level 0.4 Armour
 - Level 2.1 Dodging
 - Level 1.0 Spellcasting
 - Level 2.0 Hexes


You had 3 spell levels left.
You knew the following spells:

 Your Spells              Type           Power      Damage    Failure   Level
a - Slow                  Hex            16%        N/A       34%         1

Your spell library contained the following spells:

 Spells                   Type           Power      Damage    Failure   Level
 Inner Flame              Hex/Fire       2%         N/A       83%         3
 Portal Projectile        Hex/Tloc       4%         N/A       83%         3
 Cause Fear               Hex            2%         N/A       98%         4

Inventory:

Hand Weapons
 Y - a +1 sling (weapon)
Armour
 f - a +0 ring mail (worn)

Dungeon Overview and Level Annotations

Branches:
Dungeon (4/15)
 Temple: D:4-7

Altars:


Message History

You shoot a sling bullet.
The sling bullet barely misses the orc priest.
The adder hisses angrily.
The sling bullet hits the goblin.
The goblin is severely wounded.
The orc priest closely misses you.
You shoot a sling bullet. The sling bullet hits the orc priest.
The orc priest is almost dead.
The orc priest misses you.
The orc wizard mumbles some strange words.
The orc wizard flickers and vanishes!
Deactivating autopickup; reactivate with Ctrl-A.
You shoot a sling bullet.
The sling bullet hits the orc but does no damage.
The orc priest invokes the aid of Beogh against you.
Beogh smites you!
The orc hits you with a +2 dagger of venom.
You are poisoned.
You shoot a sling bullet. The sling bullet hits the orc.
The orc is severely wounded.
You feel very sick. The orc hits you but does no damage.
You are more poisoned.
You shoot a sling bullet. The sling bullet barely misses the orc.
The sling bullet hits the goblin.
You kill the goblin!
You feel very sick.
An orc comes into view. It is wielding a +0 dagger.
The orc misses you. The orc hits you but does no damage.
You are lethally poisoned!
You shoot a sling bullet. The sling bullet barely misses the orc.
The sling bullet closely misses the adder.
The sling bullet hits the orc!
You kill the orc!
You feel very sick.
The orc hits you with a +2 dagger of venom.
You are more poisoned.
You shoot a sling bullet. The sling bullet hits the orc.
You kill the orc!
You die... ##.~.~~~~..~. ..~..o....¤ .~¤~~¤~¤~ .....$. ..o.. .So

#)# #@# #.#
#.# #.##
#..## ##..##
##8..8##
#...%..###.#
#..>%^.....#


You could see an orc priest, an adder and 2 orcs.

Vanquished Creatures
  3 worms
  2 dart slugs (D:1)
  2 orcs (D:3)
  6 ball pythons
  2 endoplasms
  2 giant cockroaches (D:1)
  6 goblins
  2 hobgoblins
  3 jackals (D:1)
  A kobold (D:1)
  A bat (D:2)
  3 frilled lizards
33 creatures vanquished.

Notes
Turn   | Place    | Note
-------+----------+-------------------------------------------
     0 | D:1      | qw the Minotaur Hexslinger began the quest for the Orb.
     0 | D:1      | Reached XP level 1. HP: 16/16 MP: 1/1
     0 | D:1      | 0 ||| qw: Version: 0.3-a-52-g30416fa
     0 | D:1      | 0 ||| qw: Game counter: 6071
     0 | D:1      | 0 ||| qw: Melee chars always use a shield: true
     0 | D:1      | 0 ||| qw: God list: Okawaru
     0 | D:1      | 0 ||| qw: Allow faded altars: false
     0 | D:1      | 0 ||| qw: Do Orc after clearing Dungeon:15 true
     0 | D:1      | 0 ||| qw: Do second Lair branch before Depths: true
     0 | D:1      | 0 ||| qw: Lair rune preference: random
     0 | D:1      | 0 ||| qw: Goals: Normal
     0 | D:1      | 0 ||| PLANNING D:1-11
   150 | D:1      | Reached skill level 3 in Ranged Weapons
   150 | D:1      | Reached XP level 2. HP: 23/23 MP: 2/2
   151 | D:1      | 151 ||| UPGRADING to +0 leather armour.
   190 | D:1      | 190 ||| DROPPING +0 robe.
   250 | D:1      | 250 ||| UPGRADING to +0 ring mail.
   256 | D:1      | 256 ||| UPGRADING to +0 ring mail.
   266 | D:1      | 266 ||| DROPPING +0 leather armour.
   679 | D:1      | 679 ||| READING scroll labelled UWNONW OFONK.
   680 | D:1      | 680 ||| READING scroll labelled DAUGGY KEISK.
   681 | D:1      | 681 ||| READING scroll labelled APPYUZAMIT.
   682 | D:1      | 682 ||| READING scroll labelled KESU SELETO.
   683 | D:1      | 683 ||| DROPPING scroll of poison.
   708 | D:2      | 708 ||| STAIRDANCE
   739 | D:2      | 739 ||| STAIRDANCE
   742 | D:1      | HP: 5/24 [worm (6)]
   748 | D:1      | Reached XP level 3. HP: 6/29 MP: 3/3
  1015 | D:2      | You fall into a shaft and drop 2 floors!
  1020 | D:3      | 1020 ||| PLANNING SEWER
  1029 | D:3      | Reached skill level 4 in Ranged Weapons
  1124 | D:3      | HP: 4/29 [orc/+2 dagger of venom (4)]
  1125 | D:3      | Succumbed to an orc's poison

Levels and vault maps discovered:
D:1:      scummos_arrival_checkerplants, layout_loops_cross,
          minmay_misc_feat_diagonals
D:2:      minmay_inner_zag, layout_basic
D:3:      layout_basic, nicolae_elyvilon_peaceful_grove,
          mainiacjoe_overflow_concentric_impassable, portal_sewer_entry_e,
          kennysheep_pointless_box, st_stairs_6
D:4:      layout_loops_ring, grunt_dithmenos_smoke_and_mirrors,
          mainiacjoe_overflow_chevrons, serial_shops, nicolae_shop_mannequins,
          kennysheep_mini, nicolae_shop_trees

Skill      XL: |  1  2  3 |
---------------+----------+-----
Ranged Weapons | 3 4 |  4.0
Fighting       | 2 |  2.0
Armour         | |  0.4
Dodging        | |  2.1
Spellcasting   | |  1.0
Hexes          | |  2.0

Action                     || total
---------------------------++-------
   Fire: Sling             ||   101
    Use: Scroll            ||     4
 Armour: Robe              ||     4
         Ring mail         ||    15
  Dodge: Dodged            ||    55

Table legend:
 A = Non-vault XP
 B = Vault XP
 C = Vault XP percentage of total XP
 D = Non-vault monster count
 E = Vault monster count
 F = Vault count percentage of total count
                 A         B        C        D         E       F
            +---------+---------+-------+---------+---------+-------
      Total |      67 |       5 |   6.9 |      32 |       1 |   3.0
            +---------+---------+-------+---------+---------+-------
        D:1 |      44 |       0 |   0.0 |      21 |       0 |   0.0
        D:2 |      14 |       0 |   0.0 |       7 |       0 |   0.0
        D:3 |       9 |       5 |  35.7 |       4 |       1 |  20.0
            +---------+---------+-------+---------+---------+-------
